 Dungeon Crawl Stone Soup version 0.28.0-53-g5a82cb258f (webtiles) character file.

Game seed: 11504204696132405557

16 avis the Caller (level 2, 0/11 HPs)
             Began as a Felid Summoner on Aug 8, 2022.
             Slain by a quokka (4 damage)
             ... on level 1 of the Dungeon.
             The game lasted 00:03:46 (561 turns).

avis the Caller (Felid Summoner)                     Turns: 561, Time: 00:03:47

Health: 0/11       AC:  1    Str:  4    XL:     2   Next: 37%
Magic:  3/6        EV: 17    Int: 16    God:
Gold:   0          SH:  0    Dex: 16    Spells: 4/5 levels left
                                        Lives:  0   Deaths: 0

rFire   . . .      SeeInvis +   (weapon unavailable)
rCold   . . .      Faith    .   (shield unavailable)
rNeg    . . .      Spirit   .   (armour unavailable)
rPois   .          Reflect  .   (helmet unavailable)
rElec   .          Harm     .   (cloak unavailable)
rCorr   .          Rampage  .   (gloves unavailable)
Will    .....                   (boots unavailable)
Stlth   ++........              (no amulet)
HPRegen 0.03/turn               (no ring)
MPRegen 0.10/turn               (no ring)

@: quick
A: very small, claws 1, fangs 3, see invisible, speed 1, shaggy fur 1, stealthy
paws, no weapons or thrown items, no armour, multi-lived
a: no special abilities


You were on level 1 of the Dungeon.
You visited 1 branch of the dungeon, and saw 1 of its levels.

Inventory:

Scrolls
 a - a scroll of teleportation {unknown}
 b - a scroll of identify {unknown}
 c - a scroll of torment {unknown}
Potions
 d - a potion of degeneration {unknown}


   Skills:
 - Level 2.8 Dodging
 - Level 2.8 Stealth
 + Level 2.4 Spellcasting
 + Level 4.3 Summonings


You had 4 spell levels left.
You knew the following spells:

 Your Spells              Type           Power      Damage    Failure   Level
a - Summon Small Mammal   Summ           60%        N/A       3%          1

Your spell library contained the following spells:

 Spells                   Type           Power      Damage    Failure   Level
 Call Imp                 Summ           15%        N/A       5%          2
 Call Canine Familiar     Summ           15%        N/A       11%         3
 Summon Guardian Golem    Hex/Summ       8%         N/A       24%         3
 Summon Lightning Spire   Summ/Air       8%         N/A       63%         4


Dungeon Overview and Level Annotations

Branches:
Dungeon (1/15)

Altars:


Innate Abilities, Weirdness & Mutations

You have sharp claws.
You have razor-sharp teeth.
You have supernaturally acute eyesight. (SInv)
You cover ground quickly. (Speed+)
You are covered in fur. (AC +1)
Your paws help you pounce on unaware monsters.
You are incapable of wielding weapons or throwing items.
You cannot wear armour.
You gain extra lives every three experience levels.


Message History

Your bat closely misses the quokka.
Your bat hits the quokka.
Your bat closely misses the quokka.
Your bat closely misses the quokka.
Your bat hits the quokka.
Your bat closely misses the quokka.
Your bat barely misses the quokka.
A kobold comes into view. It is wielding a +0 dagger.
Your bat closely misses the quokka.
The quokka barely misses you.
Your bat closely misses the quokka.
Your bat hits the quokka but does no damage.
Your bat misses the quokka. The quokka misses you.
Your bat closely misses the quokka. x2; The quokka closely misses you.
The quokka misses you.
Your bat barely misses the quokka.
Your bat hits the quokka but does no damage.
Your bat hits the quokka.
Your bat closely misses the quokka.
Your bat misses the quokka.
Your bat hits the quokka but does no damage. x2
The quokka twitches its whiskers.
Your bat disappears in a puff of smoke!
Your bat hits the quokka but does no damage.
Your bat closely misses the quokka.
Your bat disappears in a puff of smoke!
Casting: Summon Small Mammal (safe; 3% risk of failure)
Confirm with . or Enter, or press ? or * to list all spells.
The quokka bites you.
Your bat hits the quokka but does no damage.
Casting: Summon Small Mammal (safe; 3% risk of failure)
Confirm with . or Enter, or press ? or * to list all spells.
The quokka closely misses you.
Your bat closely misses the quokka.
The quokka misses you.
Your bat closely misses the quokka.
You swap places.
Your bat hits the quokka.
Your bat hits the quokka but does no damage.
The quokka bites your bat.
Your bat barely misses the quokka.
Your bat hits the quokka but does no damage.
Your bat barely misses the quokka. x2
Casting: Summon Small Mammal (safe; 3% risk of failure)
Confirm with . or Enter, or press ? or * to list all spells.
Your bat disappears in a puff of smoke!
The quokka bites you.
You die...

##.#.#### #.......#
#.......# #.......#
#.......#
###.......#
#.........#
##r#b......#######.
#b@................
#..####...########.
###..####.###
##.....##...#
#......#.###.#
#.......## #..
#.......# .##
##......# #
#.##.#..#


You could see a quokka (ally target) and 2 friendly bats.

Vanquished Creatures
  A goblin (D:1)
  A rat (D:1)
2 creatures vanquished.

Vanquished Creatures (collateral kills)
  A dart slug (D:1)
  A bat (D:1)
  3 endoplasms (D:1)
  A goblin (D:1)
  A hobgoblin (D:1)
  A quokka (D:1)
  A frilled lizard (D:1)
  A rat (D:1)
10 creatures vanquished.

Grand Total: 12 creatures vanquished

Notes
Turn   | Place    | Note
-------+----------+-------------------------------------------
     0 | D:1      | avis the Felid Summoner began the quest for the Orb.
     0 | D:1      | Reached XP level 1. HP: 7/7 MP: 4/4
   279 | D:1      | Reached XP level 2. HP: 6/11 MP: 1/6
   561 | D:1      | Slain by a quokka

Illustrated notes

Levels and vault maps discovered:
D:1:      minmay_arrival_wavy_path, layout_loops_ring,
          shapermc_ecumenical_altar_pompeii

Action                   || total
-------------------------++-------
Melee: Unarmed           ||    33
       Bite              ||     1
 Cast: Summon Small Mamm ||    25
Armor: Skin              ||     2
Dodge: Dodged            ||    38
